 Dungeon Crawl Stone Soup version 0.16-a0-3190-g4098104 (webtiles) character file.

9918 nabalzbhf the Fencer (level 11, -14/97 HPs)
             Began as a Minotaur Fighter on Dec 21, 2014.
             Was a Believer of Wulndraste.
             Demolished by a lorocyproca (23 damage)
             ... on level 1 of the Abyss.
             The game lasted 00:32:55 (11608 turns).

nabalzbhf the Fencer (Minotaur Fighter)            Turns: 11608, Time: 00:32:55

Health: -14/97     AC: 15    Str: 24    XL:     11   Next: 29%
Magic:  0/18       EV:  6    Int:  5    God:    Wulndraste [**....]
Gold:   510        SH: 12    Dex: 10    Spells: 1 memorised, 9 levels left

rFire  . . .     SeeInvis .     a - +2 long sword (freeze)
rCold  + . .     Clarity  .     S - +2 chain mail {rN+}
rNeg   + . .     SustAb   .     c - +1 shield
rPois  .         Gourm    .     (helmet restricted)
rElec  .         Spirit   .     (no cloak)
rCorr  .         Warding  .     (no gloves)
rMut   .         Stasis   .     K - +0 pair of boots
MR     .....                    r - amulet of rage {+Rage, !d}
Stlth  ..........               n - ring of ice {rC+, rF-}
                                f - ring of protection from fire (curse) {rF+}

@: about to teleport, not resistant to hostile enchantments, extremely
unstealthy
A: retaliatory headbutt, horns 2, thin metallic scales 1
a: Blend In, Renounce Religion, Evoke Berserk Rage


You were on level 1 of the Abyss.
You worshipped Wulndraste.
Wulndraste was pleased with you.
You were not hungry.

You visited 2 branches of the dungeon, and saw 11 of its levels.
You visited the Abyss 1 time.

You collected 510 gold pieces.

Inventory:

Hand weapons
 a - a +2 long sword of freezing (weapon)
   (You found it on level 7 of the Dungeon)
 b - a +0 blowgun
   (You took it off a kobold on level 8 of the Dungeon)
 A - a +2 hunting sling of freezing
   (You found it on level 7 of the Dungeon)
 V - a +2 scimitar
   (You took it off a wight on level 10 of the Dungeon)
Missiles
 h - 3 throwing nets {=f, !d}
 j - 8 needles of paralysis
 p - 71 bolts
 t - 50 sling bullets
 x - 6 javelins
 z - 16 tomahawks (quivered)
 I - 29 poisoned needles
 M - 80 arrows
 N - 40 arrows of flame
 O - 5 needles of sleeping
 Q - 18 arrows of frost
Armour
 c - a +1 shield (worn)
 F - a troll hide {regen}
   (You found it on level 10 of the Dungeon)
 K - a +0 pair of boots (worn)
   (You found it on level 10 of the Dungeon)
 S - a +2 chain mail of positive energy (worn)
   (You took it off an orc warrior on level 6 of the Dungeon)
Magical staves
 X - an uncursed staff of wizardry {wiz+}
   (You took it off a hobgoblin on level 6 of the Dungeon)
Jewellery
 f - a cursed ring of protection from fire (left hand) {rF+}
   (You found it on level 1 of the Dungeon)
 n - a ring of ice (right hand) {rC+, rF-}
   (You found it on level 1 of the Dungeon)
 r - an amulet of rage (around neck) {+Rage, !d}
   (You found it on level 8 of the Dungeon)
 y - an uncursed ring of see invisible {sInv}
   (You found it on level 3 of the Dungeon)
 C - an uncursed ring of ice {rC+, rF-}
   (You took it off Fannar on level 10 of the Dungeon)
 J - an uncursed ring of wizardry {Wiz+}
   (You found it on level 8 of the Dungeon)
 Z - an uncursed ring of sustain abilities {SustAb}
   (You found it on level 7 of the Dungeon)
Magical devices
 R - a wand of flame (33)
   (You found it on level 5 of the Dungeon)
 T - a wand of magic darts (27)
   (You took it off a kobold on level 8 of the Dungeon)
Scrolls
 l - 3 scrolls of identify
 q - a scroll of magic mapping {!r}
 s - 4 scrolls of enchant armour
 E - 3 scrolls of remove curse
 H - a scroll of fear
 U - a scroll of blinking {!r;DON'T USE IN ELF 3}
Potions
 e - a potion of might
 i - 3 potions of restore abilities
 m - 3 potions of curing
 u - 2 potions of haste
 v - 3 potions of agility
 w - 2 potions of resistance
 B - a potion of cancellation
 D - a potion of heal wounds
 L - a potion of lignification {!q}
 Y - 2 potions of berserk rage {!q}
Comestibles
 d - 11 bread rations
 k - 3 slices of pizza
 o - 4 meat rations
 G - 4 beef jerkies
 P - 18 fruits


   Skills:
 - Level 5.8 Fighting
 - Level 15.4 Long Blades
 - Level 4.0 Throwing
 - Level 5.5 Armour
 + Level 0.8 Stealth
 - Level 7.6 Shields
 - Level 7.5 Evocations


You had 9 spell levels left.
You knew the following spells:

 Your Spells              Type           Power        Failure   Level  Hunger
c - Corona                Hex            #......      100%        1    ##.....


Dungeon Overview and Level Annotations

Branches:
Dungeon (10/15)            Temple (1/1) D:7            Lair (0/8) D:9
    Orc: D:9-12

Altars:
Ashenzari
Cheibriados
Dithmenos
Elyvilon
Fedhas
Gozag
Kikubaaqudgha
Makhleb
Nemelex Xobeh
Okawaru
Qazlal
Ru
Sif Muna
Trog
Vehumet Wulndraste
Xom
Yredelemnul
Zin
The Shining One

Annotations:
D:10 Sonja


Innate Abilities, Weirdness & Mutations

You reflexively headbutt those who attack you in melee.
You have a pair of horns on your head.
You are partially covered in thin metallic scales (AC +2).


Message History

Sonja looks slightly unstable.
You closely miss Sonja.
Sonja is almost dead.
You block Sonja's attack. Sonja hits you but does no damage.
You are cast into the Abyss!
To return, you must find a gate leading back.
Welcome to the Abyss!
You sense a powerful magical force warping space.
You are suddenly pulled into a different region of the Abyss!
Found a gateway leading deeper into the Abyss.
There is a gateway leading deeper into the Abyss here.
E - 3 scrolls of remove curse (gained 1)
An iron imp comes into view.
The iron imp shouts, "Out, out, thou unhinged weather-bitten rump-roast!"
You slash the iron imp! You freeze the iron imp.
The iron imp is almost dead.
The iron imp hits you but does no damage.
You slash the iron imp! You freeze the iron imp.
You kill the iron imp!
No target in view!
No target in view!
You are feeling hungry.
Eating one of 2 chunks of flesh.
This raw flesh tastes terrible.
You continue eating. x2
HP restored.
A small abomination comes into view.
All of the chunks of flesh in your inventory have rotted away.
You block the small abomination's attack.
You slash the small abomination! You freeze the small abomination.
The small abomination is severely damaged.
The small abomination hits you but does no damage.
You slash the small abomination! You freeze the small abomination.
You destroy the small abomination!
No target in view!
No target in view!
No target in view!
A small abomination comes into view.
You hit the small abomination. You freeze the small abomination.
The small abomination is moderately damaged.
The small abomination hits you.
You hit the small abomination. You freeze the small abomination.
The small abomination is moderately damaged.
You block the small abomination's attack.
You hit the small abomination. You freeze the small abomination.
The small abomination is heavily damaged.
You block the small abomination's attack.
You barely miss the small abomination.
The small abomination is heavily damaged.
The small abomination hits you but does no damage.
You hit the small abomination but do no damage.
The small abomination is heavily damaged.
You hit the small abomination. You freeze the small abomination.
The small abomination is heavily damaged.
The small abomination hits you.
You slash the small abomination! You freeze the small abomination.
The small abomination is almost destroyed.
The small abomination hits you!
You slice the small abomination!! You freeze the small abomination.
You destroy the small abomination!
No target in view!
No target in view!
The phantasmal warrior blinks!
The phantasmal warrior blinks!
A sixfirhy comes into view.
You hear a chilling moan.
Something hits you!
You feel your power leaking away.
Deactivating autopickup; reactivate with Ctrl-A.
A ynoxinul comes into view.
Read which item? (? for menu, Esc to quit)
As you read the scroll of teleportation, it crumbles to dust.
You feel strangely unstable.
You feel the power of the Abyss delaying your translocation.
The ynoxinul bellows!
Something hits you!!
You feel your power leaking away.
Unknown command.
Unknown command.
The ynoxinul gestures.
You enter the shallow water.
Moving in this stuff is going to be slow.
A tentacled starspawn comes into view.
A chaos spawn comes into view.
A tentacle flies out from the starspawn's body!
You are suddenly pulled into a different region of the Abyss!
You see here 5 needles of sleeping.
O - 5 needles of sleeping You hit something but do no damage.
Something hits you.
You feel your power leaking away.
You completely miss something. Your headbutt misses something.
You hit something. Something hits you!!
You feel your power leaking away.
You miss something. Your headbutt misses something. You block its attack.
You barely miss something. Your headbutt misses something. Something hits you!!
* * * LOW HITPOINT WARNING * * *
You feel your power leaking away.
Read which item? (? for menu, Esc to quit)
As you read the scroll of teleportation, it crumbles to dust.
You feel strangely unstable. Something hits you!!
You die...

. # #. .#.# ..
#####.#.#..
#.#..........#
#...@..#.##
##..###.#.#
#.##.# ..# ≈≈
# ###...# #≈≈
#..#.##### ≈≈
#..#.###.#.
#..#..... ..#
#..#..#.# #..
≈ ≈
####.##..#.#.#
.


There were no monsters in sight!

Vanquished Creatures
  Fannar (D:10)
  2 hill giants
  Psyche (D:9)
  4 wandering mushrooms (D:8)
  2 trolls (D:10)
  A wyvern (D:9)
  A trapdoor spider zombie (D:10)
  A wraith (D:10)
  2 hippogriffs
  Eustachio (D:9)
  A steam dragon (D:7)
  Grum (D:10)
  Menkaure (D:6)
  2 wolves (D:10)
  4 orc warriors
  A sky beast (D:9)
  2 necrophages
  2 ice beasts (D:8)
  A yellow wasp (D:9)
  5 ogres
  3 phantoms
  3 centaurs
  3 giant frogs (D:6)
  A big kobold (D:8)
  Blork the orc (D:9)
  A wyvern zombie (D:10)
  A wyvern skeleton (D:10)
  12 killer bees
  2 scorpions (D:5)
  2 oklob saplings (D:8)
  2 small abominations (Abyss:1)
  4 goliath beetles
  2 wights (D:10)
  3 crimson imps
  2 centaur zombies
  6 hounds
  A quasit (D:6)
  2 jellies
  A yellow wasp zombie (D:6)
  An iguana (D:10)
  3 orc priests
  An iron imp (Abyss:1)
  A centaur skeleton (D:8)
  13 orc wizards
  3 giant frog skeletons
  7 worker ants
  Natasha (thrice) (D:5 D:4)
  Jessica (D:2)
  A hound zombie (D:10)
  2 hound skeletons (D:10)
  2 mummies (D:10)
  A worker ant zombie (D:10)
  3 gnolls (D:3)
  9 adders
  A giant mite (D:6)
  A shadow imp (D:5)
  6 worms
  An adder zombie (D:10)
  An adder skeleton (D:9)
  5 giant geckos
  49 orcs
  A ball python (D:5)
  A bat zombie (D:8)
  5 giant cockroaches
  13 goblins
  11 hobgoblins
  3 jackals (D:4)
  15 kobolds
  7 quokkas
  13 bats
  2 giant newts
  A quokka skeleton (D:5)
  A quokka zombie (D:10)
  11 rats
  5 ballistomycetes
292 creatures vanquished.

Vanquished Creatures (others)
  A killer bee zombie (D:5)
  4 giant spores
  A quokka (D:5)
  2 starspawn tentacles (Abyss:1)
8 creatures vanquished.

Grand Total: 300 creatures vanquished

Notes
Turn   | Place    | Note
--------------------------------------------------------------
     0 | D:1      | nabalzbhf, the Minotaur Fighter, began the quest for the Orb.
     0 | D:1      | Reached XP level 1. HP: 19/19 MP: 1/1
   157 | D:1      | Reached skill level 3 in Long Blades
   284 | D:1      | Reached XP level 2. HP: 26/26 MP: 1/1
   661 | D:1      | Reached skill level 4 in Long Blades
   907 | D:1      | Reached XP level 3. HP: 31/31 MP: 2/2
  1308 | D:2      | Reached skill level 5 in Long Blades
  1429 | D:2      | Reached XP level 4. HP: 36/39 MP: 2/2
  1822 | D:2      | Found a sparkling altar of Nemelex Xobeh.
  1822 | D:2      | Noticed Jessica
  1828 | D:2      | Killed Jessica
  1993 | D:3      | HP: 9/39 [poisoned by an adder]
  2001 | D:3      | HP: 9/39 [poisoned by an adder]
  2475 | D:3      | Reached skill level 6 in Long Blades
  2588 | D:3      | Reached XP level 5. HP: 38/45 MP: 2/2
  2816 | D:3      | Found a deep blue altar of Sif Muna.
  2975 | D:3      | Reached skill level 1 in Throwing
  3008 | D:3      | Reached skill level 7 in Long Blades
  3090 | D:4      | Noticed an ogre
  3112 | D:4      | Killed an ogre
  3112 | D:4      | Reached skill level 2 in Throwing
  3112 | D:4      | Reached XP level 6. HP: 35/51 MP: 3/3
  3435 | D:4      | Noticed an ogre
  3444 | D:4      | Killed an ogre
  3519 | D:4      | Reached skill level 8 in Long Blades
  3569 | D:4      | Gained mutation: You are partially covered in thin metallic scales (AC +2). [potion of beneficial mutation]
  3808 | D:4      | Found a blossoming altar of Fedhas.
  3923 | D:4      | Reached skill level 3 in Throwing
  4030 | D:4      | Reached XP level 7. HP: 57/57 MP: 3/3
  4207 | D:5      | Entered Level 5 of the Dungeon
  4216 | D:5      | Noticed Natasha
  4224 | D:5      | Killed Natasha
  4442 | D:5      | Reached skill level 9 in Long Blades
  4505 | D:5      | Noticed Natasha
  4683 | D:5      | Found a sacrificial altar of Ru.
  4687 | D:5      | Killed Natasha
  4690 | D:5      | Reached skill level 4 in Throwing
  4693 | D:5      | Noticed Natasha
  4701 | D:4      | Killed Natasha
  4853 | D:5      | Found a deep blue altar of Sif Muna.
  5131 | D:6      | Noticed Menkaure
  5181 | D:6      | Killed Menkaure
  5181 | D:6      | Reached skill level 4 in Shields
  5181 | D:6      | Reached XP level 8. HP: 49/64 MP: 3/3
  5210 | D:6      | Reached skill level 10 in Long Blades
  5345 | D:6      | Noticed a hill giant
  5395 | D:6      | HP: 1/64 [hill giant/giant club (21)]
  6055 | D:6      | Found an ancient bone altar of Kikubaaqudgha.
  6101 | D:6      | HP: 13/64 [centaur (5)]
  6102 | D:6      | Reached skill level 5 in Shields
  6337 | D:6      | Reached skill level 11 in Long Blades
  6505 | D:6      | Killed a hill giant
  6505 | D:6      | Reached skill level 12 in Long Blades
  6505 | D:6      | Reached skill level 6 in Shields
  6505 | D:6      | Reached XP level 9. HP: 56/70 MP: 4/4
  7065 | D:7      | Found a white marble altar of Elyvilon.
  7134 | D:7      | Reached skill level 4 in Fighting
  7134 | D:7      | Reached skill level 4 in Armour
  7225 | D:7      | Found a shimmering altar of Xom.
  7323 | D:7      | Found a snail-covered altar of Cheibriados.
  7667 | D:7      | Found a staircase to the Ecumenical Temple.
  7697 | Temple   | Entered the Ecumenical Temple
  7723 | Temple   | Became a worshipper of Wulndraste the Wayfarer
  7917 | D:7      | Reached skill level 5 in Fighting
  8075 | D:7      | Reached skill level 13 in Long Blades
  8304 | D:8      | Learned a level 1 spell: Corona
  8356 | D:8      | Reached skill level 5 in Armour
  8515 | D:8      | Found a glowing golden altar of the Shining One.
  8828 | D:8      | Reached skill level 1 in Evocations
  8828 | D:8      | Reached XP level 10. HP: 83/83 MP: 4/6
  8851 | D:8      | Found a blossoming altar of Fedhas.
  8952 | D:8      | Reached skill level 2 in Evocations
  9123 | D:9      | Noticed Psyche
  9128 | D:9      | Acquired Wulndraste's first power
  9143 | D:9      | Killed Psyche
  9143 | D:9      | Reached skill level 3 in Evocations
  9168 | D:9      | Reached skill level 14 in Long Blades
  9459 | D:9      | Found a staircase to the Lair.
  9476 | D:9      | Reached skill level 4 in Evocations
  9492 | D:9      | Noticed Eustachio
  9502 | D:9      | Killed Eustachio
  9539 | D:9      | Noticed Blork the orc
  9554 | D:9      | Killed Blork the orc
  9904 | D:10     | Entered Level 10 of the Dungeon
  9939 | D:10     | Reached skill level 5 in Evocations
 10051 | D:10     | Acquired Wulndraste's second power
 10288 | D:10     | Noticed a hill giant
 10289 | D:10     | Noticed Grum
 10304 | D:10     | Killed a hill giant
 10304 | D:10     | Reached skill level 15 in Long Blades
 10304 | D:10     | Reached skill level 6 in Evocations
 10307 | D:10     | Killed Grum
 10316 | D:10     | Noticed Fannar
 10354 | D:10     | Killed Fannar
 10354 | D:10     | Reached XP level 11. HP: 51/97 MP: 15/17
 10391 | D:10     | Noticed Sonja
 10415 | D:10     | HP: 36/145 [killer bee (6)]
 10419 | D:10     | Reached skill level 7 in Shields
 10419 | D:10     | HP: 17/97 [poisoned by a killer bee]
 10424 | D:10     | HP: 13/97 [poisoned by a killer bee]
 10429 | D:10     | HP: 11/97 [poisoned by a killer bee]
 10434 | D:10     | HP: 12/97 [poisoned by a killer bee]
 10441 | D:10     | HP: 13/97 [poisoned by a killer bee]
 10860 | D:10     | Reached skill level 7 in Evocations
 11490 | D:10     | Cast into the Abyss (Sonja)
 11581 | Abyss:1  | Noticed a tentacled starspawn
 11607 | Abyss:1  | HP: 9/97 [something (24)]
 11608 | Abyss:1  | Demolished by a lorocyproca

Action                   |  1- 3 |  4- 6 |  7- 9 | 10-12 || total
-------------------------+-------+-------+-------+-------++-------
Melee: Long sword        |    78 |    56 |   190 |   356 ||   680
       Dagger            |       |   140 |   242 |       ||   382
 Fire: Blowgun           |       |       |       |    17 ||    17
Throw: Javelin           |       |     2 |     7 |     3 ||    12
       Tomahawk          |       |       |       |     1 ||     1
 Abil: Evoke Berserk Rag |       |       |       |     3 ||     3
Evoke: Wand              |       |       |       |    11 ||    11
  Use: Scroll            |       |     9 |    14 |     6 ||    29
       Potion            |       |     1 |       |       ||     1
  Eat: Chunk             |     2 |     8 |    15 |    12 ||    37

Vault maps used:
D:1:      dpeg_arrival_stone_temple_mockup, minivault_24
D:2:      first_bread, nemelex_lonely_heart_becter
D:3:      old_standard_altar, minmay_misc_feat_columns, minmay_misc_feat_square,
          kennysheep_generic_room_10
D:4:      lemuel_crystal_altar, minivault_11
D:5:      overflow_temple_1_default, led_sif_pool, uniq_natasha
D:6:      kiku_gazebo_garden_becter, uniq_menkaure
D:7:      kennysheep_little_box, overflow_temple_1_default, elyvilon_altar_5,
          minmay_temple_entry_hall
D:8:      nicolae_overflow_hidden_temple, hangedman_tree_tricks
D:9:      lair_0_dummy, uniq_blork_the_orc, uniq_eustachio, uniq_psyche
D:10:     serial_undead, serial_undead_f, serial_undead_d, serial_undead_b,
          serial_undead_a, uniq_fannar, uniq_sonja, uniq_grum
Temple:   circular_temple_12

Table legend:
 A = Turns spent in this place as a percentage of turns spent in the entire game.
 B = Non-inter-level travel turns spent in this place as a percentage of non-inter-level travel turns spent in the entire game.
 C = Inter-level travel turns spent in this place as a percentage of turns spent in this place.
 D = Turns resting spent in this place as a percentage of non-inter-level travel turns spent in this place.
 E = Turns spent auto-exploring this place as a percentage of non-inter-level travel turns spent in this place.
 F = Non-inter-level travel turns spent in this place divided by the number of levels of this place that you've seen.
                   A       B       C       D       E      F
               +-------+-------+-------+-------+-------+----------------------
         Total | 100.0 | 100.0 |   0.4 |   1.9 |   6.8 | 321.4
       Dungeon |  96.0 |  96.0 |   0.4 |   2.0 |   6.9 | 370.2
        Temple |   1.0 |   1.0 |   2.6 |   0.0 |  13.5 |  37.0
         Abyss |   3.0 |   3.1 |   0.0 |   0.0 |   0.8 | 118.0
               +-------+-------+-------+-------+-------+----------------------

Table legend:
 A = Kills in this place as a percentage of kills in entire the game.
 B = Kills by you in this place as a percentage of kills by you in the entire game.
 C = Kills by friends in this place as a percentage of kills by friends in the entire game.
 D = Other kills in this place as a percentage of other kills in the entire game.
 E = Experience gained in this place as a percentage of experience gained in the entire game.
 F = Experience gained in this place divided by the number of levels of this place that you have seen.
                   A       B       C       D       E      F
               +-------+-------+-------+-------+-------+----------------------
         Total | 100.0 | 100.0 |  -nan | 100.0 | 100.0 | 1180.8
       Dungeon |  99.0 |  99.0 |  -nan | 100.0 |  98.2 | 1390.9
         Abyss |   1.0 |   1.0 |  -nan |   0.0 |   1.8 | 260.0
               +-------+-------+-------+-------+-------+----------------------
